 Dungeon Crawl Stone Soup version 0.29.1-14-g9c671dbff4 (webtiles) character file.

Game seed: 1882347090367881803

10 tizbic2 the Magician (level 2, -1/21 HPs)
             Began as a Djinni Necromancer on Feb 15, 2023.
             Slain by a ball python (2 damage)
             ... on level 1 of the Dungeon.
             The game lasted 00:01:21 (206 turns).

tizbic2 the Magician (Djinni Necromancer)            Turns: 206, Time: 00:01:21

Health: -1/21      AC:  2    Str:  7    XL:     2   Next: 30%
Gold:   15         EV: 12    Int: 16    God:
                   SH:  0    Dex: 13

rFire   + + .      SeeInvis .   e - staff of poison
rCold   x . .      Faith    .   (no shield)
rNeg    . . .      Spirit   .   b - +0 robe
rPois   ∞          Reflect  .   (no helmet)
rElec   .          Harm     .   (no cloak)
rCorr   .          Rampage  .   (no gloves)
Will    .....                   (boots unavailable)
Stlth   ++........              (no amulet)
HPRegen 0.07/turn               (no ring)
MPRegen 0.00/turn               (no ring)

@: flying
A: sickness immunity, fire resistance 2, cold vulnerability 1, float, innate
caster, HP casting, extra vitality 1
a: no special abilities


You were on level 1 of the Dungeon.
You visited 1 branch of the dungeon, and saw 1 of its levels.

You collected 15 gold pieces.

Inventory:

Hand Weapons
 a - a +0 club
 d - a +0 hand axe
Armour
 b - a +0 robe (worn)
Magical Staves
 e - a staff of poison (weapon)
Scrolls
 c - a scroll of identify {unknown}
 f - a scroll of immolation


   Skills:
 + Level 0.2 Fighting
 + Level 2.5 Dodging
 - Level 1.8 Stealth
 * Level 3.4 Spellcasting


You couldn't memorise any spells.
You knew the following spells:

 Your Spells              Type           Power      Damage    Failure   Level
a - Necrotise             Necr           52%        1d6       4%          1
b - Vampiric Draining     Necr           13%        2d6       13%         3
c - Animate Dead          Necr           13%        N/A       41%         4
d - Agony                 Necr           13%        N/A       77%         5
Your spell library was empty.

Dungeon Overview and Level Annotations

Branches:
Dungeon (1/15)

Altars:


Innate Abilities, Weirdness & Mutations

You are immune to sickness and miasma.
You are immune to poison.
Your flesh is very heat resistant. (rF++)
You are vulnerable to cold. (rC-)
You float through the air rather than walking.
You learn spells naturally, not from books.
Your magical power is your life essence.
You have superior vitality. (+4 MHP)


Message History

The goblin is almost dead.
The ball python bites you but does no damage.
The ball python constricts you. The goblin hits you with a +0 club.
* * * LOW HITPOINT WARNING * * *
You escape the ball python's grasp.
The goblin hits you with a +0 club.
* * * LOW HITPOINT WARNING * * *
You swap places.
The ball python bites your goblin skeleton.
The ball python barely misses your goblin skeleton.
The goblin hits your goblin skeleton with a +0 club.
Your goblin skeleton is destroyed!
There is a faded altar of an unknown god here.
You aren't carrying any potions.
The ball python attacks as you move away!
The ball python bites you.
* * * LOW HITPOINT WARNING * * *
You barely miss the ball python. The ball python closely misses you.
The ball python misses you.
You hit the ball python but do no damage.
The ball python bites you but does no damage.
The ball python closely misses you. The ball python barely misses you.
The ball python misses you.
You hit the ball python.
The ball python is heavily wounded.
The ball python barely misses you. The ball python grabs you.
The ball python constricts you.
Casting: Necrotise (safe; 4% risk of failure)
Confirm with . or Enter, or press ? or * to list all spells.
Aiming: Necrotise (safe; 4% risk of failure)
Press: ? - help, Shift-Dir - straight line, f - goblin, p - ball python
Aim: a goblin, wielding a +0 club (almost dead, chance to affect: 83%)
The goblin writhes in agony.
You kill the goblin!
* * * LOW HITPOINT WARNING * * *
The dead are walking!
The ball python closely misses you. The ball python constricts you.
You escape the ball python's grasp.
The ball python attacks as you move away!
The ball python bites you.
You die...

..........#
..........#
..........#
..........#
..........#######
................###
..................#
####...#..#+..#.#.#
# #...#....#...@.#
# #.†##.......S#.#
#...#.....#.##.#
##..#.....##.)..#
#.).###..g....#.#
#.......#.....#.#
#...##.#..#...#.#
..#.#...........#
#.##...#.##......#


You could see a ball python.

Vanquished Creatures
  A ball python (D:1)
  A giant cockroach (D:1)
  2 goblins (D:1)
  A hobgoblin (D:1)
5 creatures vanquished.

Vanquished Creatures (collateral kills)
  A bat (D:1)
  A goblin (D:1)
  A ball python (D:1)
3 creatures vanquished.

Grand Total: 8 creatures vanquished

Notes
Turn   | Place    | Note
-------+----------+-------------------------------------------
     0 | D:1      | tizbic2 the Djinni Necromancer began the quest for the Orb.
     0 | D:1      | tizbic2 set off with the following spells memorised:
                  | Necrotise, Vampiric Draining, Animate Dead, Agony.
     0 | D:1      | Reached XP level 1. HP: 15/15 MP: 0/0
    42 | D:1      | Reached XP level 2. HP: 12/21 MP: 0/0
   170 | D:1      | Found a faded altar of an unknown god.
   199 | D:1      | HP: 1/21 [ball python (1)]
   206 | D:1      | Slain by a ball python

Illustrated notes

Levels and vault maps discovered:
D:1:      mrwooster_arrival_statue_2, layout_rooms, serial_shops,
          nicolae_shop_stone, hellmonk_ecumenical_altar_blasted

Action                   || total
-------------------------++-------
Melee: Staff             ||     9
 Cast: Necrotise         ||    11
Armor: Robe              ||     9
Dodge: Dodged            ||    25
